Map: Apotheosis LE

Players

Rob - Winner!

  • Race: Protoss Protoss
  • League: Gold

Voltaire

  • Race: Protoss Protoss
  • League: Gold

VOD

Have the link to the VOD?

Description

Time

  • Played on: Oct. 19, 2016, 12:41 p.m.
  • Length: 10:44
Show
View Real Time Build Order
Export as new Build Order

Rob Protoss - Winner!

Build Orders: 1 Gate Expand 

Get SALT Encoding   

  12  0:01  Probe (Chrono Boost)  
  13  0:11  Probe (Chrono Boost)  
  14  0:18  Pylon  
  14  0:22  Probe (Chrono Boost)  
  15  0:36  Probe (Chrono Boost)  
  15  0:38  Gateway  
  16  0:47  Probe (Chrono Boost)  
  17  0:50  Assimilator  
  17  0:57  Probe (Chrono Boost)  
  18  1:08  Probe (Chrono Boost)  
  19  1:22  Probe (Chrono Boost)  
  19  1:23  Assimilator  
  20  1:25  Cybernetics Core  
  20  1:42  Nexus, Unknown  
  20  1:49  Pylon  
  20  1:52  Probe (Chrono Boost), Warp Gate  
  20  2:03  Probe (Chrono Boost)  
  20  2:08  Pylon  
  21  2:13  Probe (Chrono Boost)  
  22  2:25  Mothership Core (Chrono Boost)  
  25  2:44  Probe (Chrono Boost)  
  25  2:47  Twilight Council  
  25  2:54  Unknown  
  25  2:55  Probe (Chrono Boost)  
  25  2:56  Probe (Chrono Boost)  
  27  3:05  Probe (Chrono Boost)  
  28  3:09  Probe (Chrono Boost)  
  29  3:14  Gateway  
  29  3:16  Probe (Chrono Boost)  
  29  3:17  Gateway  
  30  3:23  Robotics Facility  
  30  3:26  Probe (Chrono Boost)  
  31  3:37  Probe (Chrono Boost)  
  29  3:56  Probe (Chrono Boost)  
  29  4:04  Blink  
  29  4:06  Probe (Chrono Boost)  
  29  4:07  Probe (Chrono Boost)  
  28  4:11  Forge  
  29  4:17  Probe x2 (Chrono Boost)  
  29  4:20  Stalker  
  29  4:21  Stalker  
  29  4:23  Stalker  
  36  4:26  Observer  
  36  4:27  Probe (Chrono Boost)  
  38  4:35  Probe (Chrono Boost)  
  38  4:38  Probe (Chrono Boost)  
  40  4:48  Probe (Chrono Boost), Protoss Ground Weapons Level 1  
  40  4:50  Nexus, Unknown  
  41  5:01  Stalker  
  43  5:12  Immortal  
  47  5:27  Stalker  
  47  5:31  Zealot x2  
  51  5:41  Assimilator  
  51  5:43  Assimilator  
  49  5:50  Gateway  
  49  5:52  Stalker x2  
  49  5:54  Gateway  
  50  6:01  Unknown  
  48  6:04  Stalker  
  48  6:10  Probe (Chrono Boost)  
  51  6:12  Warp Prism  
  51  6:14  Probe (Chrono Boost)  
  54  6:24  Probe (Chrono Boost)  
  55  6:32  Stalker  
  55  6:33  Stalker  
  55  6:35  Probe (Chrono Boost)  
  59  6:43  Probe (Chrono Boost)  
  59  6:46  Probe (Chrono Boost)  
  61  6:54  Probe (Chrono Boost)  
  61  6:58  Stalker x2  
  65  7:05  Probe (Chrono Boost)  
  66  7:12  Probe (Chrono Boost)  
  66  7:15  Probe (Chrono Boost)  
  68  7:24  Probe (Chrono Boost)  
  68  7:25  Pylon  
  69  7:38  Immortal  
  69  7:42  Pylon  
  73  7:46  Adept x2  
  77  7:55  Pylon  
  77  8:00  Adept x2  
  77  8:01  Adept  
  83  8:11  Stalker  
  83  8:15  Pylon  
  83  8:17  Pylon  
  81  8:20  Stalker  
  81  8:21  Adept, Stalker x2  
  81  8:25  Immortal  
  93  8:38  Adept  
  79  8:56  Adept x3  
  79  8:57  Stalker  
  81  9:08  Stalker  
  71  9:10  Immortal  
  75  9:22  Stalker x4  
  75  9:41  Stalker  
  75  9:52  Stalker x3  
  77  9:53  Stalker  
  75  10:05  Stalker  
  77  10:13  Gateway  
  77  10:18  Gateway  
  73  10:21  Dark Shrine  
  73  10:23  Stalker  
  73  10:24  Stalker, Zealot x2  
Show
View Real Time Build Order
Export as new Build Order

Voltaire Protoss 

Build Orders:  

Get SALT Encoding   

  12  0:01  Probe (Chrono Boost)  
  13  0:11  Probe (Chrono Boost)  
  14  0:19  Pylon  
  14  0:22  Probe (Chrono Boost)  
  15  0:37  Probe (Chrono Boost)  
  15  0:39  Gateway  
  16  0:44  Assimilator  
  16  0:48  Probe (Chrono Boost)  
  17  1:01  Probe (Chrono Boost)  
  19  1:11  Probe (Chrono Boost)  
  19  1:13  Gateway  
  19  1:24  Probe (Chrono Boost)  
  20  1:29  Cybernetics Core  
  20  1:33  Pylon  
  20  1:39  Probe (Chrono Boost)  
  21  1:45  Assimilator  
  21  1:52  Probe (Chrono Boost)  
  22  2:00  Warp Gate  
  22  2:09  Adept x2  
  27  2:15  Probe (Chrono Boost)  
  27  2:29  Gateway  
  27  2:32  Pylon  
  27  2:43  Probe (Chrono Boost)  
  28  2:47  Adept  
  28  2:50  Adept  
  32  2:56  Probe (Chrono Boost), Twilight Council  
  33  3:10  Probe (Chrono Boost)  
  34  3:17  Adept  
  34  3:18  Adept  
  38  3:21  Pylon  
  38  3:39  Adept  
  38  4:09  Probe (Chrono Boost), Unknown, Nexus  
  37  4:20  Blink  
  37  4:21  Stalker  
  37  4:22  Stalker x2  
  43  4:40  Gateway  
  43  4:46  Robotics Facility  
  43  4:50  Pylon  
  45  4:53  Mothership Core (Chrono Boost)  
  45  5:21  Unknown  
  43  5:29  Stalker x3  
  47  6:06  Stalker x3  
  47  6:09  Probe (Chrono Boost)  
  47  6:10  Probe (Chrono Boost)  
  49  6:33  Stalker x3  
  49  6:35  Probe (Chrono Boost)  
  49  6:36  Probe (Chrono Boost)  
  55  6:58  Stalker x3  
  55  6:59  Probe (Chrono Boost)  
  55  7:01  Probe (Chrono Boost)  
  63  7:02  Assimilator  
  63  7:05  Immortal  
  63  7:06  Assimilator  
  67  7:16  Probe (Chrono Boost)  
  67  7:17  Forge  
  67  7:18  Probe (Chrono Boost)  
  69  7:23  Pylon  
  69  7:25  Pylon  
  69  7:34  Robotics Facility  
  69  7:41  Probe (Chrono Boost)  
  69  7:42  Probe (Chrono Boost)  
  69  7:43  Protoss Ground Weapons Level 1  
  71  7:51  Probe (Chrono Boost)  
  71  7:54  Probe (Chrono Boost)  
  73  7:59  Observer  
  74  8:07  Stalker x4  
  80  8:30  Stalker x3  
  86  8:35  Pylon  
  86  8:40  Pylon  
  80  8:54  Stalker x4  
  54  9:23  Stalker x3  
  54  9:24  Stalker  
  60  9:27  Immortal  
  60  9:28  Immortal  
  60  9:47  Stalker x4  
  44  10:27  Stalker  
  44  10:28  Stalker x3  
Tags
 
Add a new tag
Caveats
  • Supply blocks, unpowered buildings, or Contaminate may cause inaccurate times.
  • Supply counts are checked every 10 seconds.